AoeStats
← HaRaDrIaM

Arabian Desert

510351159Analyzed
1v1 RM · 1d ago on Sep 30, 2026· 41m 41s· 2 players
Game mode
Random Map
Map size
Tiny (2 player)
Population
200
Speed
Normal
Resources
Standard
Victory
Conquest
Starting age
Dark Age
Ending age
Imperial Age
RankedLock teamsTeams togetherTeam positionsShared explorationLock speedFull tech treeHidden civsTurbo modeCheats
Victory
Defeat
🇪🇸 Persians · Spain
1262
+14
🇺🇸 Aztecs · United States
1213
-14
Baberum
10:45 Feudal Age
9:01 Loom
20:53 Castle Age
18:51 Horse Collar
19:59 Scale Mail Armor
20:56 Pikeman
21:37 Squires
25:43 Wheelbarrow
25:42 Double-Bit Axe
26:48 Sanctity
26:42 Fervor
28:13 Forging
28:42 Chain Mail Armor
HaRaDrIaM
6:14 Loom
8:59 Feudal Age
10:05 Double-Bit Axe
19:09 Castle Age
18:04 Bloodlines
17:36 Horse Collar
18:42 Forging
26:34 Wheelbarrow
28:29 Iron Casting
28:25 Scale Barding Armor
30:42 Bow Saw
30:49 Heavy Plow
31:33 Hand Cart
33:37 Husbandry
33:34 Town Watch
39:12 Imperial Age
39:43 Chain Barding Armor
39:57 Gold Mining
39:39 Cavalier
40:21 Fletching
41:27 Devotion
Connection lost

Rejoining the realm…

Still unreachable

The connection could not be restored.

Session expired

The server has moved on; the page needs a fresh start.